 Seeded DCSS version 0.30.0-29-ga12c61a403 (webtiles) character file.

Game seed: 14451014311251207983 (custom seed)

98 CInkIbrahim the Poker (level 4, 28/28 HPs)
             Began as a Gargoyle Fighter on June 24, 2023.
             Quit the game on level 2 of the Dungeon.
             The game lasted 00:01:07 (1412 turns).

CInkIbrahim the Poker (Gargoyle Fighter)            Turns: 1412, Time: 00:01:08

Health: 28/28      AC: 10    Str: 22    XL:     4   Next: 69%
Magic:  4/4        EV:  9    Int:  8    God:
Gold:   101        SH:  4    Dex:  9    Spells: 3/3 levels left

rFire   . . .        a - +0 trident
rCold   . . .        c - +0 buckler
rNeg    + . .        b - +0 scale mail
rPois   ∞            (no helmet)
rElec   +            (no cloak)
rCorr   .            (no gloves)
SInv    .            (no boots)
Will    .....        (no amulet) Stlth
                     (no ring)
HPRegen 0.24/turn    (no ring)
MPRegen 0.09/turn

%: no passive effects
@: about to teleport, very slow
A: sickness immunity, AC +3, negative energy resistance 1, electricity
resistance, torment resistance 1, petrification resistance
a: no special abilities


You were on level 2 of the Dungeon.
You visited 1 branch of the dungeon, and saw 2 of its levels.

You collected 101 gold pieces.

Inventory:

Hand Weapons
 a - a +0 trident (weapon)
Armour
 b - a +0 scale mail (worn)
 c - a +0 buckler (worn)
Wands
 l - a wand of flame (24)
Scrolls
 f - a scroll of teleportation
 g - a scroll of enchant armour {unknown}
 h - a scroll of butterflies {unknown}
 i - a scroll of poison {unknown}
 j - a scroll of magic mapping {unknown}
 m - a scroll of immolation {unknown}
Potions
 d - a potion of might
 e - a potion of curing {unknown}
 k - a potion of berserk rage {unknown}


   Skills:
 - Level 3.2 Fighting
 + Level 4.3 Polearms
 - Level 3.2 Armour
 - Level 3.2 Shields


You had 3 spell levels left.
You didn't know any spells.
Your spell library contained the following spells:

 Spells                   Type           Power      Damage    Failure   Level
 Lesser Beckoning         Tloc           0%         N/A       91%         2
 Gell's Gravitas          Tloc           0%         N/A       99%         3
 Ignite Poison            Fire/Tmut/Pois 0%         N/A       99%         3
 Teleport Other           Tloc           0%         N/A       99%         3
 Animate Dead             Necr           0%         N/A       100%        4
 Borgnjor's Vile Clutch   Necr/Erth      0%         N/A       100%        5
 Freezing Cloud           Conj/Ice/Air   0%         6-21      100%        5
 Death Channel            Necr           0%         N/A       100%        6
 Cigotuvi's Dreadful Rot  Necr/Pois/Air  Unusable   N/A       N/A         2

Dungeon Overview and Level Annotations

Branches:
Dungeon (2/15)

Altars:


Innate Abilities, Weirdness & Mutations

You are immune to sickness and miasma.
Your stone body is resilient. (AC +3)
You are immune to poison.
You resist negative energy. (rN+)
You are resistant to electric shocks. (rElec)
You are resistant to unholy torment.
You are immune to petrification.


Message History

You enter the shallow water.
Moving in this stuff is going to be slow.
Key pressed, stopping explore.
No target in view!
You see here a +0 dagger.
You enter the shallow water.
Moving in this stuff is going to be slow.
You enter the shallow water.
Moving in this stuff is going to be slow.
You enter the shallow water.
Moving in this stuff is going to be slow.
Things that are here:
a +0 sling; a +0 club; a goblin skeleton Key pressed, stopping explore.
No target in view!
You enter the shallow water.
Moving in this stuff is going to be slow.
Done exploring.
No target in view!
Done exploring.
No target in view!
Done exploring.
No target in view!
Done exploring.
No target in view!
Done exploring.
No target in view!
Done exploring.
No target in view!
Done exploring.
No target in view!
Done exploring.
No target in view!
Done exploring.
No target in view!
Search for what [? for help]? .
As you read the scroll labelled RAPOYPHUTO, it crumbles to dust.
You feel strangely unstable.
It was a scroll of teleportation.
Unknown command.
Are you sure you want to abandon this character and quit the game? (Confirm with "yes".)

#.# ###..........#.#
..# #...<#.#####.#.#
### #.#.#.## ###.#.#
.## #..#.#####.....#
..##♣P.P♣......~♣..#
..<.♣♣~♣♣#####.~~P.#
..#♣♣~~♣ #.~~~.# .##
♣♣~♣ #~♣♣~##
♣♣♣♣♣♣.♣♣♣♣♣♣#.#@##
♣~♣PP~~~♣~~~~#.###
.~~~~~~~~.~~.).#####
♣♣♣♣♣~..~P♣♣♣#.....#
♣♣♣♣~~♣♣♣ #####.#
#♣♣.♣♣~♣♣##♣# #.#
#...♣~~♣ ♣..# #.#
#.#.♣♣~♣ ##.# #.#
#.#.♣♣.♣ ##.## #†#


There were no monsters in sight!

Vanquished Creatures
  5 adders (D:2)
  A worm (D:2)
  2 dart slugs (D:1)
  5 bats
  An endoplasm (D:2)
  4 giant cockroaches
  8 goblins
  3 hobgoblins
  4 kobolds (D:2)
  4 quokkas (D:2)
  2 ball pythons
  3 frilled lizards (D:1)
  3 rats
45 creatures vanquished.

Notes
Turn   | Place    | Note
-------+----------+-------------------------------------------
     0 | D:1      | CInkIbrahim the Gargoyle Fighter began the quest for the
                  | Orb.
     0 | D:1      | Reached XP level 1. HP: 14/14 MP: 1/1
    25 | D:1      | Reached skill level 2 in Polearms
    91 | D:1      | Reached XP level 2. HP: 19/19 MP: 2/2
   474 | D:2      | Reached skill level 3 in Polearms
   481 | D:2      | Reached XP level 3. HP: 21/23 MP: 3/3
   818 | D:2      | Reached XP level 4. HP: 25/28 MP: 4/4
   987 | D:2      | Reached skill level 4 in Polearms
  1412 | D:2      | Quit the game

Illustrated notes

Levels and vault maps discovered:
D:1:      sevenhm_arrival_forest_fort_small_4, layout_basic
D:2:      minmay_angry_zag, layout_loops_ring, serial_bayou,
          serial_bayou_crossing, serial_bayou_pond_a, serial_bayou_pond_d,
          serial_bayou_ford_a, minmay_indecisive_spiral

Skill      XL: |  1  2  3  4 |
---------------+-------------+-----
Polearms       | 2 3 4 |  4.3
Fighting       | |  3.2
Armour         | |  3.2
Shields        | |  3.2

Action                     |  1- 3 |  4- 6 || total
---------------------------+-------+-------++-------
  Melee: Trident           |   107 |    53 ||   160
    Use: Scroll            |       |     1 ||     1
 Armour: Scale mail        |    46 |    31 ||    77
  Dodge: Dodged            |    35 |    23 ||    58
  Block: Buckler           |     6 |     9 ||    15
